 Dungeon Crawl Stone Soup version 0.21.1-1-g345015f (webtiles) character file.

193655 inc the Peltast (level 18, -11/139 HPs)
             Began as an Octopode Fighter on June 14, 2018.
             Was the Champion of Okawaru.
             Mangled by a halazid warlock (18 damage)
             ... in the Desolation of Salt.
             The game lasted 01:41:44 (29618 turns).

inc the Peltast (Octopode Fighter)                 Turns: 29618, Time: 01:41:46

Health: -11/139    AC:  9    Str: 17    XL:     18   Next: 72%
Magic:  22/23      EV: 31    Int: 26    God:    Okawaru [******]
Gold:   2054       SH: 38    Dex: 24    Spells: 8/17 levels left

rFire    + + .     SeeInvis +     - Unarmed
rCold    . . .     Gourm    .   M - +13 large shield of Noon {rC+ Stlth+}
rNeg     . . .     Faith    .   p - +3 crown of Dyrovepreva {rElec Int+2 SInv}
rPois    .         Spirit   .   g - +4 amulet of reflection
rElec    +         Reflect  +   i - ring of protection from magic
rCorr    .         Harm     .   n - +3 ring of protection
MR       +++..                  U - ring of protection from magic
Stlth    +++++++...             m - +4 ring of evasion
HPRegen  0.33/turn              O - +6 ring of intelligence
MPRegen  0.18/turn              v - +3 ring of dexterity
                                x - ring of Wustenk {+Blink rF+ Int+3 Slay+2}
                                T - ring "Udagur" {Fire +Fly Int+4 Dex+6}

@: very slightly contaminated, drained, invisible
A: almost no armour, stealthy swim, amphibious, 8 rings, constrict 8, slimy
green scales 1, camouflage 1, sense surroundings 1, robust 1, weak 1, gelatinous
body 1
a: Heroism, Finesse, Renounce Religion, Evoke Blink, Evoke Flight


You were in the Desolation of Salt.
You worshipped Okawaru.
Okawaru was exalted by your worship.
You were not hungry.

You visited 5 branches of the dungeon, and saw 26 of its levels.
You also visited: Sewer, Ice Cave, Wizlab and Desolation.

You collected 2845 gold pieces.
You spent 791 gold pieces at shops.

Inventory:

Hand Weapons
 b - a +2 blowgun
Missiles
 H - 8 needles of confusion
 L - 78 poisoned needles
 Q - 4 steel javelins (quivered)
Armour
 p - the +3 crown of Dyrovepreva (worn) {rElec Int+2 SInv}
   (You bought it in a shop on level 4 of the Dungeon)

   It affects your intelligence (+2).
   It insulates you from electricity.
   It lets you see invisible.
 A - the +4 hat "Ulobuagask" {rN+}
   (Okawaru gifted it to you on level 14 of the Dungeon)

   It protects you from negative energy.
 M - the +13 large shield of Noon (worn) {rC+ Stlth+}
   (Okawaru gifted it to you on level 9 of the Dungeon)

   It protects you from cold.
   It makes you more stealthy.
Jewellery
 a - an uncursed ring of magical power
 g - a +4 amulet of reflection (around mantle)
 i - a ring of protection from magic (left tentacle)
 l - the amulet "Laylorot" {+Rage MR+}
   (You found it in the Desolation of Salt)

   [amulet of rage]

   It affects your resistance to hostile enchantments.
   It lets you go berserk.
 m - a +4 ring of evasion (on tentacle)
 n - a +3 ring of protection (right tentacle)
 v - a +3 ring of dexterity (on tentacle)
 x - the ring of Wustenk (on tentacle) {+Blink rF+ Int+3 Slay+2}
   (You acquired it in the Desolation of Salt)

   [ring of protection from fire]

   It affects your intelligence (+3).
   It affects your accuracy and damage with ranged weapons and melee attacks
   (+2).
   It protects you from fire.
   It lets you blink.
 D - an uncursed ring of protection from cold
 E - an uncursed ring of resist corrosion
 J - an uncursed ring of ice
 O - a +6 ring of intelligence (on tentacle)
 R - the amulet "Zolusch" {Faith rC+ Int+4}
   (You found it in the Desolation of Salt)

   [amulet of faith]

   It allows you to gain divine favour quickly.
   It affects your intelligence (+4).
   It protects you from cold.
 S - an uncursed amulet of regeneration
 T - the ring "Udagur" (on tentacle) {Fire +Fly Int+4 Dex+6}
   (You found it on level 11 of the Dungeon)

   [ring of fire]

   It enhances your fire magic.
   It affects your intelligence (+4).
   It affects your dexterity (+6).
   It protects you from fire.
   It makes you vulnerable to cold.
   It lets you fly.
 U - a ring of protection from magic (on tentacle)
 Z - an uncursed ring of protection from cold
Wands
 y - a wand of iceblast (3)
 P - a wand of digging (27)
Scrolls
 e - a scroll of magic mapping
 f - 7 scrolls of fog
 h - 3 scrolls of fear
 j - 15 scrolls of remove curse
 k - a scroll of immolation
 o - 10 scrolls of teleportation
 t - 2 scrolls of enchant armour
 X - a scroll of holy word
Potions
 d - 3 potions of mutation
 q - 2 potions of brilliance
 r - 10 potions of curing
 s - 8 potions of magic
 u - 4 potions of berserk rage
 z - 3 potions of agility
 B - a potion of might
 C - 4 potions of flight
 F - 2 potions of resistance
 G - a potion of cancellation
 I - 5 potions of haste
 W - a potion of invisibility
Books
 w - a book of Burglary

   Spells                             Type                      Level
   a - Swiftness                      Charms/Air                   2
   b - Passwall                       Transmutation/Earth          2
   c - Passage of Golubria            Translocation                4
   d - Lee's Rapid Deconstruction     Earth                        5
   e - Darkness                       Hexes                        6
   f - Invisibility                   Hexes                        6
Comestibles
 c - 23 rations


   Skills:
 + Level 12.8(11.9) Fighting
 - Level 7.6(6.8) Throwing
 - Level 15.9(15.0) Dodging
 - Level 10.2(9.4) Stealth
 - Level 17.6(16.6) Shields
 + Level 13.1(12.3) Unarmed Combat
 - Level 4.4(3.7) Hexes
 - Level 6.5(5.8) Charms
 - Level 5.9(5.2) Necromancy
 - Level 6.5(5.8) Ice Magic
 - Level 7.4(6.7) Invocations


You had 8 spell levels left.
You knew the following spells:

 Your Spells              Type           Power        Failure   Level  Hunger
a - Confusing Touch       Hex            ###...       8%          1    ##.....
b - Ozocubu's Armour      Chrm/Ice       ####....     10%         3    ####...
c - Blink                 Tloc           N/A          50%         2    ###....
d - Regeneration          Chrm/Necr      ####......   12%         3    ####...


Dungeon Overview and Level Annotations

Branches:
Dungeon (15/15)            Temple (0/1) D:7            Lair (6/6) D:11
  Swamp (1/4) Lair:4       Spider (0/4) Lair:4        Slime (0/5) Lair:5
    Orc (2/2) D:10            Elf (2/3) Orc:2        Vaults (0/5) D:13
 Depths (0/5) D:15

Altars:
Cheibriados
Dithmenos
Gozag
Hepliaklqana
Makhleb
Nemelex Xobeh
Okawaru
Qazlal
Sif Muna
Uskayaw
Vehumet
Wu Jian
Yredelemnul
Zin
Jiyva

Shops:
D:4 [   D:9 }   Orc:2 [%!:   Elf:1 [

Annotations:
D:14 1 runed door
D:15 exclusion: Roxanne, Roxanne
Elf:2 1 runed door


Innate Abilities, Weirdness & Mutations

You cannot wear most types of armour.
You are very stealthy in the water. (Stealth+)
You are amphibious.
You can wear up to eight rings at the same time.
You can use your tentacles to constrict eight enemies at once.
Your skin changes colour to match your surroundings (Stealth+).
Your rubbery body absorbs attacks. (AC +1, EV +1)
You are partially covered in slimy green scales. (AC +2)
You passively map a small area around you.
You are robust. (+10% HP)
You are weak. (Str -2)


Message History

You tentacle-slap the ironbrand convoker, but do no damage.
You squeeze the ironbrand convoker.
The ironbrand convoker is severely wounded.
You constrict the ironbrand convoker.
The saltling no longer looks unusually strong. x2
You block the peacekeeper's attack. x2
The halazid warlock completely misses you.
You block the saltling's attack.
The ironbrand convoker struggles to escape constriction.
The peacekeeper roars a battlecry!
The golems go into a battle-frenzy!
You block the saltling's attack. x2
You fade into invisibility!
You constrict the ironbrand convoker. You block the peacekeeper's attack.
The peacekeeper closely misses you. You block the saltling's attack.
The ironbrand convoker struggles to escape constriction.
The halazid warlock touches you!
* * * LOW HITPOINT WARNING * * *
You writhe in agony.
You die...

.§§§§§§§§.§......................
..§§§...§§§......................
§§§§§..8..........#..............
§§8§§88.....8.....###............
§§§§§88.#........................
§§.8§..##....8...................
§§§§§...8....88..................
§§§§§.9........8.8...............
§§.§.)........8p@8...............
§.§§##.........L88...............
.§§.#............................
§.§.#......#.....................
...§....................#........
...§§§§.§§.......................
.§§§§.§§.........................
.§§§§§§§.§§.....................8
..§§§§§§§§...........8...........


You could see a halazid warlock, a crystal guardian, an ironbrand convoker
(fleeing), 2 peacekeepers and 7 saltlings.

Vanquished Creatures
  2 deep elf sorcerers (Elf:1)
  A frost giant (IceCv)
  3 imperial myrmidons (Desolation)
  The ghost of Ethylacetat the Fencer, a journeyman DsFi (D:15)
  A deep elf demonologist (Elf:1)
  Nessos (D:13)
  10 purple draconians (WizLab)
  A halazid warlock (Desolation)
  9 statues (WizLab)
  A crystal guardian (Desolation)
  A yaktaur captain (D:13)
  2 fire dragons (D:15)
  The ghost of Shutra the Carver, a journeyman MiHu of Cheibriados (Lair:1)
  Josephine (Orc:2)
  7 servants of whispers (Desolation)
  4 ogre magi (Orc:2)
  6 ragged hierophants (Desolation)
  The ghost of nicolaieve the Severer, a journeyman MiBe of Trog (Lair:2)
  12 hydras
  A catoblepas (Lair:6)
  2 centaur warriors
  Fannar (D:10)
  26 two-headed ogres
  2 alligators (Swamp:1)
  6 peacekeepers (Desolation)
  A death knight (D:12)
  A deep troll shaman (Lair:6)
  9 death yaks
  7 dancing weapons
  Urug (D:10)
  Nergalle (Lair:1)
  An orc high priest (D:14)
  7 deep elf knights
  4 unseen horrors
  A wizard (Elf:1)
  Pikel (D:5)
  3 swamp dragons (Swamp:1)
  6 orc knights
  12 deep elf archers (Elf:1)
  The ghost of Ethylacetat the Carver, a novice DsFi (D:7)
  4 ironbrand convokers
  2 lindwurms (Lair:6)
  A necromancer (D:14)
  48 deep elf magi
  An orb spider (shapeshifter) (Elf:1)
  5 ugly things
  2 oklob plants (D:11)
  2 orc sorcerers (Orc:1)
  2 manticores
  2 cyclopes (D:14)
  Maurice (D:8)
  8 black mambas
  6 elephants (Lair:6)
  2 guardian serpents (Desolation)
  Joseph (D:8)
  15 spiny frogs
  A gargoyle (D:14)
  2 yaktaurs (D:13)
  A kobold demonologist (D:11)
  2 ice devils (Orc:2)
  3 rime drakes
  16 komodo dragons
  A freezing wraith (D:15)
  2 trolls
  A jumping spider (Lair:4)
  A meliai (D:12)
  22 polar bears
  2 tyrant leeches (Swamp:1)
  Prince Ribbit (D:8)
  A hornet (D:10)
  4 slime creatures (Swamp:1)
  45 saltlings
  3 bog bodies (Swamp:1)
  9 blink frogs (Lair:4)
  6 dream sheep (Lair:5)
  10 hippogriffs
  A centaur simulacrum (D:14)
  3 redbacks (Lair:4)
  2 air elementals (Elf:1)
  8 wraiths
  56 yaks
  3 wyverns
  Sigmund (D:5)
  Grum (D:8)
  A fire elemental (Elf:1)
  6 hungry ghosts
  7 wargs
  7 vampire mosquitoes (Swamp:1)
  Menkaure (D:4)
  A swamp worm (Swamp:1)
  Edmund (D:6)
  5 acid dragons
  16 water moccasins
  11 porcupines
  5 ice beasts
  26 orc warriors
  A sky beast (D:13)
  3 swamp drakes
  3 slaves (D:5)
  4 black bears
  2 necrophages (D:12)
  A hornet zombie (D:9)
  6 centaurs
  3 phantoms
  2 boggarts (Elf:1)
  31 wolves
  35 ogres
  An eye of draining (D:8)
  16 crocodiles
  2 big kobolds
  Blork the orc (D:5)
  26 bullfrogs
  A wyvern zombie (D:13)
  3 scorpions
  A water moccasin skeleton (D:9)
  3 killer bees (D:8)
  3 howler monkeys (D:14)
  2 electric eels
  3 crimson imps
  3 centaur zombies
  4 quasits
  2 hounds
  A bullfrog zombie (D:10)
  4 jellies
  2 bullfrog skeletons
  14 orc priests
  6 centaur skeletons
  Natasha (thrice) (D:4)
  6 iguanas
  Ijyb (D:5)
  35 orc wizards
  12 worker ants
  2 hound zombies
  2 howler monkey zombies
  A worker ant zombie (D:6)
  A howler monkey skeleton (D:10)
  3 gnolls (Orc:1)
  6 river rats
  19 adders
  3 shadow imps
  An ooze (D:3)
  An adder zombie (D:5)
  3 worms
  2 dart slugs (D:1)
  8 leopard geckos
  90 orcs
  8 giant cockroaches
  3 goblins
  8 hobgoblins
  A jackal (D:4)
  14 kobolds
  6 quokkas
  13 ball pythons
  5 bats
  3 frilled lizards
  A jackal skeleton (D:4)
  A jackal zombie (D:5)
  A leopard gecko skeleton (D:7)
  28 rats
  4 fungi (D:10)
  4 plants
1044 creatures vanquished.

Vanquished Creatures (others)
  A purple draconian (WizLab)
  A deep elf archer (Elf:1)
  A deep elf mage (WizLab)
  4 fungi
  5 plants
  4 toadstools (D:1)
16 creatures vanquished.

Grand Total: 1060 creatures vanquished

Notes
Turn   | Place    | Note
-------+----------+-------------------------------------------
     0 | D:1      | inc the Octopode Fighter began the quest for the Orb.
     0 | D:1      | Reached XP level 1. HP: 16/16 MP: 1/1
    97 | D:1      | Reached XP level 2. HP: 16/21 MP: 2/2
   507 | D:1      | Reached skill level 4 in Shields
   644 | D:2      | Reached XP level 3. HP: 26/26 MP: 3/3
   911 | D:2      | Found an iron altar of Okawaru.
  1197 | D:2      | Became a worshipper of Warmaster Okawaru
  1937 | D:3      | Reached XP level 4. HP: 30/31 MP: 4/4
  1953 | D:3      | Reached skill level 5 in Shields
  2168 | D:3      | Found a glowing drain.
  2179 | Sewer    | Entered a sewer
  2308 | Sewer    | Reached XP level 5. HP: 18/36 MP: 5/5
  2507 | Sewer    | Reached skill level 6 in Shields
  2880 | Sewer    | Gained mutation: You are partially covered in slimy green scales. (AC +2) [potion of mutation]
  2880 | Sewer    | Gained mutation: You are weak. (Str -2) [potion of mutation]
  2880 | Sewer    | Gained mutation: You passively map a small area around you. [potion of mutation]
  2880 | Sewer    | Gained mutation: You are robust. (+10% HP) [potion of mutation]
  2900 | Sewer    | Reached XP level 6. HP: 23/46 MP: 6/6
  2904 | Sewer    | Reached * piety under Okawaru
  2904 | Sewer    | Reached skill level 7 in Shields
  3632 | D:4      | Found a burning altar of Makhleb.
  3647 | D:4      | Noticed an orc warrior
  3662 | D:4      | Killed an orc warrior
  3662 | D:4      | Reached skill level 1 in Invocations
  3662 | D:4      | Reached XP level 7. HP: 35/50 MP: 6/8
  3780 | D:4      | Noticed Menkaure
  3793 | D:4      | Killed Menkaure
  3965 | D:4      | Noticed Natasha
  3971 | D:4      | Killed Natasha
  4231 | D:4      | Found Saenois's Armour Shop.
  4258 | D:4      | Reached skill level 8 in Shields
  4272 | D:4      | Reached XP level 8. HP: 19/59 MP: 9/9
  4512 | D:4      | Noticed Natasha
  4519 | D:4      | Killed Natasha
  4986 | D:4      | Noticed Natasha
  4995 | D:4      | Killed Natasha
  4997 | D:4      | Found a sparkling altar of Nemelex Xobeh.
  5000 | D:4      | Found a radiant altar of Vehumet.
  5001 | D:4      | Found a snail-covered altar of Cheibriados.
  5050 | D:5      | Entered Level 5 of the Dungeon
  5065 | D:5      | Found a glowing silver altar of Zin.
  5298 | D:5      | Noticed Sigmund
  5299 | D:5      | Noticed Pikel
  5313 | D:5      | Noticed Ijyb
  5332 | D:5      | Killed Ijyb
  5381 | D:5      | Reached skill level 5 in Fighting
  5589 | D:5      | Reached skill level 5 in Unarmed Combat
  5635 | D:5      | Noticed Blork the orc
  5644 | D:5      | Killed Blork the orc
  5644 | D:5      | Reached ** piety under Okawaru
  5647 | D:5      | Killed Pikel
  5647 | D:5      | Reached skill level 9 in Shields
  5647 | D:5      | Reached XP level 9. HP: 54/68 MP: 7/10
  5825 | D:5      | Killed Sigmund
  6028 | D:6      | Found a basalt altar of Yredelemnul.
  6109 | D:6      | Reached *** piety under Okawaru
  6749 | D:6      | Noticed Edmund
  6756 | D:6      | Killed Edmund
  6756 | D:6      | Reached XP level 10. HP: 72/78 MP: 13/13
  6900 | D:7      | Found a staircase to the Ecumenical Temple.
  6914 | D:7      | Reached skill level 5 in Invocations
  7020 | D:7      | Noticed Ethylacetat's ghost (novice DsFi)
  7036 | D:7      | Killed Ethylacetat's ghost
  7036 | D:7      | Reached skill level 10 in Shields
  7495 | D:7      | Reached skill level 5 in Dodging
  7670 | D:8      | Noticed Joseph
  7684 | D:8      | Killed Joseph
  7684 | D:8      | Reached **** piety under Okawaru
  7815 | D:8      | Learned a level 1 spell: Confusing Touch
  7920 | D:8      | Noticed Prince Ribbit
  7976 | D:8      | Noticed Maurice
  7990 | D:8      | Killed Prince Ribbit
  8003 | D:8      | Killed Maurice
  8117 | D:8      | Found a shadowy altar of Dithmenos.
  8125 | D:8      | Noticed a two-headed ogre
  8148 | D:8      | Killed a two-headed ogre
  8173 | D:8      | Reached XP level 11. HP: 68/82 MP: 9/14
  8242 | D:8      | Found an opulent altar of Gozag.
  8301 | D:8      | Noticed a two-headed ogre
  8315 | D:8      | Killed a two-headed ogre
  8315 | D:8      | Reached ***** piety under Okawaru
  8322 | D:8      | Noticed Grum
  8334 | D:8      | Killed Grum
  8626 | D:8      | Found a deep blue altar of Sif Muna.
  8751 | D:9      | Found Kicsusimp's Gadget Shoppe.
  8811 | D:9      | Received a gift from Okawaru
  8814 | D:9      | Got a brightly glowing large shield {god gift}
  8825 | D:9      | Identified the +13 large shield of Noon {rC+ Stlth+} (Okawaru gifted it to you on level 9 of the Dungeon)
  8834 | D:9      | Noticed a manticore
  8852 | D:9      | Killed a manticore
  8992 | D:9      | Found a hide-covered altar of Uskayaw.
  8995 | D:9      | Found a stormy altar of Qazlal.
  8995 | D:9      | Found an ornate altar of the Wu Jian Council.
  9095 | D:9      | Noticed a two-headed ogre
  9110 | D:9      | Killed a two-headed ogre
  9110 | D:9      | Reached skill level 11 in Shields
  9122 | D:9      | Found a hazy altar of Hepliaklqana.
  9489 | D:10     | Entered Level 10 of the Dungeon
  9576 | D:10     | Found a staircase to the Orcish Mines.
  9655 | D:10     | Noticed Fannar
  9671 | D:10     | Killed Fannar
  9864 | D:10     | Noticed Urug
  9873 | D:10     | Killed Urug
  9873 | D:10     | Reached skill level 12 in Shields
 10081 | D:10     | Noticed a two-headed ogre
 10124 | D:10     | Killed a two-headed ogre
 10124 | D:10     | Reached skill level 13 in Shields
 10124 | D:10     | Reached XP level 12. HP: 72/89 MP: 13/15
 10430 | D:11     | Received a gift from Okawaru
 10643 | D:11     | Noticed a two-headed ogre
 10656 | D:11     | Killed a two-headed ogre
 10708 | D:11     | Got a scintillating amber ring
 10799 | D:11     | Noticed a soul eater
 10840 | D:11     | Noticed a two-headed ogre
 10852 | D:11     | Killed a two-headed ogre
 10852 | D:11     | Received a gift from Okawaru
 11030 | D:11     | Found a staircase to the Lair.
 11648 | D:11     | Identified the ring "Udagur" {Fire +Fly Int+4 Dex+6} (You found it on level 11 of the Dungeon)
 11721 | D:12     | Noticed an eight-headed hydra
 11904 | Orc:1    | Entered Level 1 of the Orcish Mines
 11921 | Orc:1    | Reached skill level 14 in Shields
 12282 | Orc:2    | Entered Level 2 of the Orcish Mines
 12464 | Orc:2    | Found a frozen archway.
 12491 | IceCv    | Entered an ice cave
 12631 | IceCv    | Received a gift from Okawaru
 12658 | IceCv    | Noticed a death yak
 12687 | IceCv    | Killed a death yak
 12784 | IceCv    | Reached skill level 15 in Shields
 12815 | IceCv    | Received a gift from Okawaru
 12838 | IceCv    | Reached XP level 13. HP: 83/94 MP: 18/18
 13138 | IceCv    | Noticed a frost giant
 13186 | IceCv    | Killed a frost giant
 13191 | IceCv    | Reached skill level 16 in Shields
 13231 | IceCv    | Received a gift from Okawaru
 13668 | Orc:2    | Found a staircase to the Elven Halls.
 13735 | Orc:2    | Noticed Josephine
 13751 | Orc:2    | Killed Josephine
 13858 | Orc:2    | Reached skill level 17 in Shields
 13864 | Orc:2    | Noticed an ogre mage
 13914 | Orc:2    | Noticed an ogre mage
 13924 | Orc:2    | Received a gift from Okawaru
 13944 | Orc:2    | Killed an ogre mage
 14010 | Orc:2    | Got a spiked hat {god gift}
 14016 | Orc:2    | Identified the +0 hat "Zogekig" {Regen+} (Okawaru gifted it to you on level 2 of the Orcish Mines)
 14252 | Orc:2    | Reached XP level 14. HP: 81/101 MP: 17/19
 14331 | Orc:2    | Reached skill level 10 in Dodging
 14790 | Orc:2    | Found Caamad's Food Boutique.
 14790 | Orc:2    | Found Fietoufam's Book Emporium.
 14791 | Orc:2    | Found Muc Kole's Distillery.
 14791 | Orc:2    | Found Xusapi's Antique Armour Shoppe.
 14832 | Orc:2    | Bought a potion of heal wounds for 55 gold pieces
 14832 | Orc:2    | Bought a potion of heal wounds for 55 gold pieces
 14832 | Orc:2    | Bought a potion of haste for 110 gold pieces
 14832 | Orc:2    | Bought a potion of lignification for 33 gold pieces
 15384 | D:4      | Bought the +3 crown of Dyrovepreva {rElec Int+2 SInv} for 538 gold pieces
 15384 | D:4      | Found the +3 crown of Dyrovepreva {rElec Int+2 SInv}
 15718 | D:12     | Reached skill level 1 in Hexes
 15781 | D:12     | Received a gift from Okawaru
 15914 | D:12     | Reached skill level 1 in Stealth
 15927 | D:12     | Learned a level 3 spell: Ozocubu's Armour
 16031 | D:12     | Found the +8 longbow "Zephyr" {speed, Dex+3 SInv}
 16216 | D:13     | Noticed Nessos
 16362 | D:13     | Killed Nessos
 16362 | D:13     | Reached skill level 5 in Stealth
 16615 | D:13     | Received a gift from Okawaru
 16772 | D:13     | Found a gate to the Vaults.
 16969 | D:13     | Reached skill level 10 in Stealth
 17227 | D:14     | Reached skill level 1 in Charms
 17227 | D:14     | Reached skill level 1 in Ice Magic
 17279 | D:14     | Reached XP level 15. HP: 101/108 MP: 20/20
 17360 | D:14     | Received a gift from Okawaru
 17380 | D:14     | Got a pitted hat {god gift}
 17391 | D:14     | Identified the +4 hat "Ulobuagask" {rN+} (Okawaru gifted it to you on level 14 of the Dungeon)
 17448 | D:14     | Found a glowing silver altar of Zin.
 17448 | D:14     | Noticed an angel
 17449 | D:14     | Found a runed door.
 17533 | D:14     | Found a shadowy altar of Dithmenos.
 18142 | D:15     | Entered Level 15 of the Dungeon
 18187 | D:15     | Noticed Ethylacetat's ghost (journeyman DsFi)
 18224 | D:15     | Killed Ethylacetat's ghost
 18481 | D:15     | Reached skill level 5 in Charms
 18481 | D:15     | Reached skill level 5 in Ice Magic
 18883 | D:15     | Noticed Roxanne
 19184 | D:15     | Found a staircase to the Depths.
 19454 | Lair:1   | Entered Level 1 of the Lair of Beasts
 19892 | Lair:1   | Noticed Nergalle
 19908 | Lair:1   | Killed Nergalle
 20000 | Lair:1   | Noticed Shutra's ghost (journeyman MiHu)
 20038 | Lair:1   | Killed Shutra's ghost
 20425 | Lair:2   | Noticed nicolaieve's ghost (journeyman MiBe)
 21078 | Lair:2   | Killed nicolaieve's ghost
 22209 | Lair:4   | Found a hole to the Spider Nest.
 22379 | Lair:4   | Received a gift from Okawaru
 22379 | Lair:4   | Reached XP level 16. HP: 118/118 MP: 21/21
 22468 | Lair:4   | Found a staircase to the Swamp.
 22772 | Lair:5   | Found a staircase to the Slime Pits.
 22774 | Lair:5   | Found a viscous altar of Jiyva.
 22837 | Lair:5   | Reached skill level 10 in Unarmed Combat
 23095 | Lair:5   | Reached skill level 10 in Fighting
 23419 | Lair:6   | Entered Level 6 of the Lair of Beasts
 23895 | Lair:6   | Reached ****** piety under Okawaru
 23927 | Lair:6   | Received a gift from Okawaru
 24026 | Lair:6   | Reached skill level 1 in Throwing
 24283 | Lair:6   | Reached skill level 5 in Throwing
 24589 | Lair:6   | Received a gift from Okawaru
 25138 | Swamp:1  | Entered Level 1 of the Swamp
 25308 | Swamp:1  | Received a gift from Okawaru
 25632 | Swamp:1  | Learned a level 2 spell: Blink
 25941 | Elf:1    | Entered Level 1 of the Elven Halls
 26023 | Elf:1    | Reached XP level 17. HP: 54/127 MP: 20/22
 26162 | Elf:1    | Found a magical portal.
 26167 | Elf:1    | Learned a level 3 spell: Regeneration
 26177 | WizLab   | Entered Iskenderun's Mystic Tower
 26215 | WizLab   | Reached skill level 1 in Necromancy
 26823 | WizLab   | Reached skill level 5 in Necromancy
 26862 | WizLab   | Received a gift from Okawaru
 27001 | WizLab   | Identified Iskenderun's Incunabulum of Arcane Weapons
 27001 | WizLab   | Identified Iskenderun's Almanac of Battle Magic
 27216 | Elf:1    | Received a gift from Okawaru
 27283 | Elf:1    | Found Ihoycu's Antique Armour Boutique.
 27893 | Elf:1    | Reached XP level 18. HP: 134/134 MP: 23/23
 28053 | Elf:1    | Reached skill level 15 in Dodging
 28478 | Elf:2    | Received a gift from Okawaru
 28479 | Elf:2    | Found a runed door.
 28531 | Elf:2    | Found a ruined gateway.
 28539 | Desolati | Entered the Desolation of Salt
 28624 | Desolati | Got a glittering steel amulet
 28627 | Desolati | Identified the amulet "Zolusch" {Faith rC+ Int+4} (You found it in the Desolation of Salt)
 28963 | Desolati | Received a gift from Okawaru
 28994 | Desolati | Got a faintly glowing ivory amulet
 28995 | Desolati | Identified the amulet "Laylorot" {+Rage MR+} (You found it in the Desolation of Salt)
 29001 | Desolati | Identified the Handbook of Doomed Ice
 29009 | Desolati | Identified a scroll of acquirement
 29010 | Desolati | Got a fine tin ring
 29014 | Desolati | Identified the ring of Wustenk {+Blink rF+ Int+3 Slay+2} (You acquired it in the Desolation of Salt)
 29562 | Desolati | Received a gift from Okawaru
 29618 | Desolati | Mangled by a halazid warlock

Skill      XL: |  1  2  3  4  5  6  7  8  9 10 11 12 13 14 15 16 17 18 |
---------------+-------------------------------------------------------+-----
Shields        | 4 5 6 7 8 9 10 13 15 17 | 17.6
Invocations    | 1 4 5 7 |  7.4
Unarmed Combat | 3 5 6 7 8 9 11 13 | 13.1
Fighting       | 4 6 7 8 9 10 12 | 12.8
Dodging        | 8 9 10 14 15 | 15.9
Hexes          | 4 |  4.4
Stealth        | 10 | 10.2
Charms         | 2 6 |  6.5
Ice Magic      | 2 6 |  6.5
Throwing       | 7 |  7.6
Necromancy     | 5 |  5.9

Action                   |  1- 3 |  4- 6 |  7- 9 | 10-12 | 13-15 | 16-18 || total
-------------------------+-------+-------+-------+-------+-------+-------++-------
Melee: Unarmed           |    81 |   173 |   292 |   879 |  1720 |  1494 ||  4639
       Constrict         |    27 |    41 |    59 |   115 |   158 |   221 ||   621
       Tentacles         |    25 |    30 |    72 |   274 |   633 |   582 ||  1616
       Punch             |     2 |       |    17 |    83 |   242 |   281 ||   625
 Fire: Blowgun           |       |       |       |       |    25 |       ||    25
 Cast: Confusing Touch   |       |       |       |     2 |       |       ||     2
       Ozocubu's Armour  |       |       |       |       |     2 |     7 ||     9
       Regeneration      |       |       |       |       |       |    22 ||    22
Invok: Heroism           |       |       |    13 |    26 |    32 |    30 ||   101
       Finesse           |       |       |       |     2 |    15 |    17 ||    34
  Use: Scroll            |       |     7 |     1 |     7 |    14 |    17 ||    46
       Potion            |       |     2 |     3 |       |     1 |     9 ||    15
 Stab: Sleeping          |    11 |     5 |     7 |    22 |    41 |    29 ||   115
       Distracted        |       |       |     1 |       |     5 |     2 ||     8
       Confused          |       |       |       |     3 |       |       ||     3
       Petrified         |       |       |       |       |       |     2 ||     2
       Petrifying        |       |       |       |       |       |     1 ||     1
  Eat: Chunk             |     3 |     5 |     7 |    16 |    22 |    18 ||    71
       Ration            |       |       |     1 |     2 |     3 |     4 ||    10
Armor: Skin              |     6 |    31 |    16 |    35 |    48 |    80 ||   216
Dodge: Dodged            |    33 |    76 |    79 |   216 |   345 |   530 ||  1279
Block: Shield            |    30 |    91 |   117 |   100 |       |       ||   338
       Large shield      |       |       |       |   650 |  1899 |  1852 ||  4401
       Reflection        |       |       |       |       |       |    20 ||    20
